PBL
COLORADO AVALANCHE @ TIJUANA TOROS
06/18/2045
 
TOP OF THE 1ST
Colorado Avalanche batting - Pitching for Tijuana Toros : RHP Ryan Powers
Pitching: RHP Ryan Powers
Batting: RHB Zakhar Edelman 0-0: Called Strike
0-1: Ball
1-1: Ball
2-1: SINGLE (Groundball, 56D, EV 105.0 MPH) (infield hit)
Batting: LHB Luke Coulter 0-0: Foul Ball, location: 2F
0-1: Ball
1-1: Ball
2-1: Swinging Strike
2-2: Ball
3-2: Foul Ball, location: 2F
3-2: Base on Balls
Zakhar Edelman to second
Batting: RHB Ray Insley 0-0: Foul Ball, location: 2F
0-1: Foul Ball, location: 2F
0-2: Foul Ball, location: 2F
0-2: Ball
1-2: Foul Ball, location: 2F
1-2: Foul Ball, location: 2F
1-2: Foul Ball, location: 2F
1-2: SINGLE (Groundball, 13S, EV 76.2 MPH) (infield hit)
Zakhar Edelman to third
Luke Coulter to second
Batting: LHB Michael Krott 0-0: Ball
1-0: Fly out, F9 (Flyball, 9LD, EV 88.1 MPH)
Runner from 3rd tags up, SCORES, no throw by RF
Batting: RHB John Corfield 0-0: Foul Ball, location: 2F
0-1: Ball
1-1: Ball
2-1: Swinging Strike
2-2: Grounds into double play, 4-6-3 (Groundball, 4, EV 87.5 MPH)
Top of the 1st over - 1 run, 2 hits, 0 errors, 1 left on base; Colorado 1 - Tijuana 0
BOTTOM OF THE 1ST
Tijuana Toros batting - Pitching for Colorado Avalanche : RHP Lorenzo Pacheco
Pitching: RHP Lorenzo Pacheco
Batting: RHB Jason Baldwin 0-0: Called Strike
0-1: Ball
1-1: Foul Ball, location: 2F
1-2: Ball
2-2: Foul Ball, location: 2F
2-2: Fly out, F2 (Popup, 23F, EV 84.4 MPH)
Batting: LHB Fernão Manta 0-0: Ball
1-0: Swinging Strike
1-1: Called Strike
1-2: Ball
2-2: DOUBLE (Flyball, 8RXD, EV 95.0 MPH)
Batting: RHB Makoto Narita 0-0: Called Strike
0-1: Called Strike
0-2: Ball
1-2: Foul Ball, location: 2F
1-2: Ball
2-2: Ground out 5-3 (Groundball, 56, EV 83.1 MPH)
Batting: RHB Brad Brady 0-0: Fly out, F8 (Flyball, 8RS, EV 88.1 MPH)
Bottom of the 1st over - 0 runs, 1 hit, 0 errors, 1 left on base; Colorado 1 - Tijuana 0
TOP OF THE 2ND
Colorado Avalanche batting - Pitching for Tijuana Toros : RHP Ryan Powers
Batting: LHB Harry Folsom 0-0: Swinging Strike
0-1: Ball
1-1: Swinging Strike
1-2: Ball
2-2: Ball
3-2: Base on Balls
Pitching: RHP Loc Pham
Batting: RHB Matviy Oliynyk 0-0: Foul Ball, location: 2F
0-1: Ball
1-1: Ball
2-1: Ball
3-1: Grounds into double play, 6-4-3 (Groundball, 6, EV 100.0 MPH)
Batting: RHB Bob Hayes 0-0: Ball
1-0: Swinging Strike
1-1: Ground out 3-1 (Groundball, 34S, EV 89.4 MPH)
Top of the 2nd over - 0 runs, 0 hits, 0 errors, 0 left on base; Colorado 1 - Tijuana 0
BOTTOM OF THE 2ND
Tijuana Toros batting - Pitching for Colorado Avalanche : RHP Lorenzo Pacheco
Batting: RHB Carlos Gonzalez 0-0: Ball
1-0: Foul Ball, location: 2F
1-1: Ball
2-1: Swinging Strike
2-2: Ball
3-2: Strikes out swinging, 2-3 out at first.
Batting: SHB Jesus Gomez 0-0: Called Strike
0-1: Ball
1-1: Ball
2-1: Ball
3-1: Foul Ball, location: 2F
3-2: Base on Balls
Batting: SHB Javy Franco 0-0: Swinging Strike
0-1: Foul Ball, location: 2F
0-2: Strikes out swinging
Batting: LHB Jim Jardine 0-0: Ball
1-0: Ball
2-0: Ball
3-0: Called Strike
3-1: SINGLE (Groundball, 4, EV 110.6 MPH)
Jesus Gomez to second
Runner from 2nd tries for 3rd, SAFE, throw by CF made to third
Batting: RHB Adam Maczko 0-0: Ball
1-0: Called Strike
1-1: Swinging Strike
1-2: Ball
2-2: Strikes out looking
Bottom of the 2nd over - 0 runs, 1 hit, 0 errors, 2 left on base; Colorado 1 - Tijuana 0
TOP OF THE 3RD
Colorado Avalanche batting - Pitching for Tijuana Toros : RHP Loc Pham
Batting: RHB Manny Thompson 0-0: Ball
1-0: Ball
2-0: Ball
3-0: Base on Balls
Batting: RHB Zakhar Edelman 0-0: Ball
1-0: Foul Ball, location: 2F
1-1: Ball
2-1: Called Strike
2-2: Strikes out swinging
Batting: LHB Luke Coulter 0-0: Called Strike
0-1: Called Strike
0-2: SINGLE (Groundball, 6D, EV 100.6 MPH)
Manny Thompson to second
Pitching: RHP Dean Aspden
Batting: RHB Ray Insley 0-0: Ball
1-0: Ball
Passed Ball!
Manny Thompson to third
Luke Coulter to second
2-0: Called Strike
2-1: Ball
Passed Ball!
Manny Thompson scores
Luke Coulter to third
3-1: Base on Balls
Batting: LHB Michael Krott 0-0: Ball
1-0: 3-RUN HOME RUN (Flyball, 9LD, EV 91.9 MPH), Distance : 356 ft
Batting: RHB John Corfield 0-0: Ball
1-0: Swinging Strike
1-1: SOLO HOME RUN (Flyball, 7D, EV 98.8 MPH), Distance : 383 ft
Batting: LHB Harry Folsom 0-0: Ball
1-0: Called Strike
1-1: Ball
2-1: Foul Ball, location: 2F
2-2: Ball
3-2: Base on Balls
Batting: RHB Matviy Oliynyk 0-0: Ball
Passed Ball!
Harry Folsom to second
1-0: Ball
2-0: Ball
3-0: Called Strike
3-1: Swinging Strike
3-2: Foul Ball, location: 2F
3-2: Foul Ball, location: 2F
3-2: Foul Ball, location: 2F
3-2: Foul Ball, location: 2F
3-2: Base on Balls
Pitching: RHP Clyde Miller
Batting: RHB Bob Hayes 0-0: Ball
1-0: Ball
2-0: Called Strike
2-1: Ball
Wild Pitch!
Harry Folsom to third
Matviy Oliynyk to second
3-1: SINGLE (Line Drive, 6MD, EV 96.2 MPH)
Harry Folsom scores
Matviy Oliynyk to third
Batting: RHB Manny Thompson 0-0: Called Strike
0-1: Called Strike
0-2: Ball
1-2: Ball
2-2: Grounds into double play, 6-4-3 (Groundball, 56D, EV 83.8 MPH)
Top of the 3rd over - 6 runs, 4 hits, 0 errors, 1 left on base; Colorado 7 - Tijuana 0
BOTTOM OF THE 3RD
Tijuana Toros batting - Pitching for Colorado Avalanche : RHP Lorenzo Pacheco
Batting: RHB Jason Baldwin 0-0: Foul Ball, location: 2F
0-1: TRIPLE (Flyball, 89XD, EV 93.1 MPH)
Batting: LHB Fernão Manta 0-0: Foul Ball, location: 2F
0-1: Ball
1-1: Ball
2-1: Ball
3-1: SINGLE (Groundball, 4MS, EV 73.1 MPH) (infield hit)
Jason Baldwin scores
Batting: RHB Makoto Narita 0-0: Foul Ball, location: 2F
0-1: Grounds into double play, 5-4-3 (Groundball, 56, EV 108.8 MPH)
Batting: RHB Brad Brady 0-0: Foul Ball, location: 2F
0-1: Ground out 4-3 (Groundball, 34, EV 101.9 MPH)
Bottom of the 3rd over - 1 run, 2 hits, 0 errors, 0 left on base; Colorado 7 - Tijuana 1
TOP OF THE 4TH
Colorado Avalanche batting - Pitching for Tijuana Toros : RHP Clyde Miller
Batting: RHB Zakhar Edelman 0-0: Ball
1-0: Ground out 6-3 (Groundball, 6, EV 86.2 MPH)
Batting: LHB Luke Coulter 0-0: SINGLE (Groundball, 6MD, EV 98.8 MPH)
Batting: RHB Ray Insley 0-0: Called Strike
0-1: Ball
1-1: Ball
2-1: Ball
3-1: Swinging Strike
3-2: Base on Balls
Luke Coulter to second
Pitching: RHP Kenny Samuels
Batting: LHB Michael Krott 0-0: Called Strike
0-1: Ball
1-1: Ball
2-1: Ball
Wild Pitch!
Luke Coulter to third
Ray Insley to second
3-1: Base on Balls
Batting: RHB John Corfield 0-0: Called Strike
0-1: Swinging Strike
0-2: GRAND SLAM HOME RUN (Flyball, 7LD, EV 96.9 MPH), Distance : 367 ft
Batting: LHB Harry Folsom 0-0: Swinging Strike
0-1: Ball
1-1: SOLO HOME RUN (Flyball, 89XD, EV 103.1 MPH), Distance : 403 ft
Batting: RHB Matviy Oliynyk 0-0: Called Strike
0-1: Foul Ball, location: 2F
0-2: Ball
1-2: Foul Ball, location: 2F
1-2: Ball
2-2: SINGLE (Flyball, 4MD, EV 96.9 MPH)
Batting: RHB Bob Hayes 0-0: Ball
1-0: Foul Ball, location: 2F
1-1: Foul Ball, location: 2F
1-2: Ball
2-2: Ball
3-2: Base on Balls
Matviy Oliynyk to second
Pitching: RHP Cory Bowler
Batting: RHB Manny Thompson 0-0: Called Strike
0-1: Called Strike
0-2: Ball
1-2: Strikes out swinging
Batting: RHB Zakhar Edelman 0-0: SINGLE (Line Drive, 78S, EV 87.5 MPH)
Matviy Oliynyk to third
Bob Hayes to second
Runner from 3rd tries for Home, SAFE, throw by LF to home
Batting: LHB Luke Coulter 0-0: Called Strike
0-1: Foul Ball, location: 2F
0-2: Ball
1-2: Foul Ball, location: 2F
1-2: Ball
2-2: Strikes out swinging
Top of the 4th over - 6 runs, 5 hits, 0 errors, 2 left on base; Colorado 13 - Tijuana 1
BOTTOM OF THE 4TH
Tijuana Toros batting - Pitching for Colorado Avalanche : RHP Lorenzo Pacheco
Batting: RHB Carlos Gonzalez 0-0: Called Strike
0-1: Fly out, F4 (Popup, 4, EV 73.8 MPH)
Batting: SHB Jesus Gomez 0-0: Called Strike
0-1: SINGLE (Groundball, 25, EV 66.2 MPH) (infield hit)
Batting: SHB Javy Franco 0-0: Called Strike
0-1: SINGLE (Groundball, 6S, EV 69.4 MPH) (infield hit)
Jesus Gomez to second
Batting: LHB Jim Jardine 0-0: Fly out, F8 (Flyball, 8LD, EV 89.4 MPH)
Batting: RHB Adam Maczko 0-0: Ground out 4-3 (Groundball, 4, EV 99.4 MPH)
Bottom of the 4th over - 0 runs, 2 hits, 0 errors, 2 left on base; Colorado 13 - Tijuana 1
TOP OF THE 5TH
Colorado Avalanche batting - Pitching for Tijuana Toros : RHP Cory Bowler
Batting: RHB Ray Insley 0-0: Called Strike
0-1: Ball
1-1: Called Strike
1-2: Ground out 5-3 (Groundball, 5L, EV 86.2 MPH)
Batting: LHB Michael Krott 0-0: Called Strike
0-1: Fly out, F4 (Popup, 4M, EV 66.9 MPH)
Batting: RHB John Corfield 0-0: Ball
1-0: Ball
2-0: Ball
3-0: Base on Balls
Pitching: RHP Juan Gallegos
Batting: LHB Harry Folsom 0-0: Ball
Wild Pitch!
John Corfield to second
1-0: Called Strike
1-1: Ball
2-1: Foul Ball, location: 2F
2-2: Foul Ball, location: 2F
2-2: Foul Ball, location: 2F
2-2: Ball
3-2: Ground out 6-3 (Groundball, 6M, EV 86.9 MPH)
Top of the 5th over - 0 runs, 0 hits, 0 errors, 1 left on base; Colorado 13 - Tijuana 1
BOTTOM OF THE 5TH
Tijuana Toros batting - Pitching for Colorado Avalanche : RHP Lorenzo Pacheco
Batting: RHB Jason Baldwin 0-0: Ball
1-0: Fly out, F3 (Popup, 34, EV 66.2 MPH)
Batting: LHB Fernão Manta 0-0: Ball
1-0: Ball
2-0: Called Strike
2-1: Foul Ball, location: 2F
2-2: Ball
3-2: Strikes out swinging
Batting: RHB Makoto Narita 0-0: Swinging Strike
0-1: Swinging Strike
0-2: Ball
1-2: Foul Ball, location: 2F
1-2: Ball
2-2: Ball
3-2: Base on Balls
Batting: RHB Brad Brady 0-0: Foul Ball, location: 2F
0-1: 2-RUN HOME RUN (Flyball, 78XD, EV 115.0 MPH), Distance : 429 ft
Batting: RHB Carlos Gonzalez 0-0: Swinging Strike
0-1: Ball
1-1: Called Strike
1-2: Strikes out swinging
Bottom of the 5th over - 2 runs, 1 hit, 0 errors, 0 left on base; Colorado 13 - Tijuana 3
TOP OF THE 6TH
Colorado Avalanche batting - Pitching for Tijuana Toros : RHP Juan Gallegos
Batting: RHB Matviy Oliynyk 0-0: Ball
1-0: Called Strike
1-1: Fly out, F9 (Flyball, 89S, EV 93.8 MPH)
Batting: RHB Bob Hayes 0-0: Ball
1-0: Swinging Strike
1-1: Ball
2-1: Foul Ball, location: 2F
2-2: Foul Ball, location: 2F
2-2: Ball
3-2: Foul Ball, location: 2F
3-2: Foul Ball, location: 2F
3-2: Foul Ball, location: 2F
3-2: Base on Balls
Pitching: RHP Tommy Hunter
Batting: RHB Manny Thompson 0-0: Foul Ball, location: 2F
0-1: Swinging Strike
0-2: Ball
1-2: Fly out, F8 (Flyball, 89XD, EV 96.2 MPH)
Batting: RHB Zakhar Edelman 0-0: 2-RUN HOME RUN (Flyball, 89XD, EV 108.8 MPH), Distance : 419 ft
Batting: LHB Luke Coulter 0-0: Ball
1-0: Ground out 5-3 (Groundball, 56S, EV 79.4 MPH)
Top of the 6th over - 2 runs, 1 hit, 0 errors, 0 left on base; Colorado 15 - Tijuana 3
BOTTOM OF THE 6TH
Tijuana Toros batting - Pitching for Colorado Avalanche : RHP Lorenzo Pacheco
Batting: SHB Jesus Gomez 0-0: Ball
1-0: Called Strike
1-1: Foul Ball, location: 2F
1-2: SINGLE (Groundball, 4MD, EV 99.4 MPH)
Batting: SHB Javy Franco 0-0: Ball
1-0: Foul Ball, location: 2F
1-1: Ball
2-1: Foul Ball, location: 2F
2-2: Ball
3-2: Base on Balls
Jesus Gomez to second
Batting: LHB Jim Jardine 0-0: Ball
1-0: Called Strike
1-1: Foul Ball, location: 2F
1-2: Fly out, F8 (Flyball, 8LD, EV 92.5 MPH)
Batting: RHB Adam Maczko 0-0: Called Strike
0-1: Ball
1-1: Called Strike
1-2: DOUBLE (Line Drive, 9LM, EV 104.4 MPH)
Jesus Gomez scores
Javy Franco to third
Runner from 3rd tries for Home, SAFE, throw by RF to trailing runner, SAFE at third!
Batting: RHB Jason Baldwin 0-0: Foul Ball, location: 2F
0-1: Called Strike
0-2: Foul Ball, location: 2F
0-2: Ball
1-2: Foul Ball, location: 2F
1-2: Ball
2-2: Foul Ball, location: 2F
2-2: Fly out, F6 (Popup, 6D, EV 73.1 MPH)
Batting: LHB Fernão Manta 0-0: Ball
1-0: SINGLE (Groundball, 34D, EV 109.4 MPH)
Adam Maczko scores
Pitching: RHP Josh Blaschke
Batting: RHB Makoto Narita 0-0: Foul Ball, location: 2F
0-1: Foul Ball, location: 2F
0-2: Ball
1-2: Foul Ball, location: 2F
1-2: Ground out 6-3 (Groundball, 6M, EV 88.1 MPH)
Bottom of the 6th over - 3 runs, 3 hits, 0 errors, 1 left on base; Colorado 15 - Tijuana 6
TOP OF THE 7TH
Colorado Avalanche batting - Pitching for Tijuana Toros : RHP Tommy Hunter
Pinch Hitting: SHB Justin Jackson 0-0: Called Strike
0-1: Ball
1-1: Ball
2-1: Ball
3-1: Base on Balls
Pinch Hitting: RHB Ryan Ward 0-0: Ball
1-0: Ball
2-0: Fly out, F8 (Flyball, 8RXD, EV 105.6 MPH)
Batting: RHB John Corfield 0-0: Ball
1-0: Ball
2-0: Ball
3-0: Base on Balls
Justin Jackson to second
Pinch Hitting: RHB Carlos de Jesus 0-0: Ball
1-0: Fielders Choice at 2nd, 3-6 (Groundball, 3, EV 85.0 MPH)
Justin Jackson to third
Pinch Hitting: RHB Justin Garrett 0-0: DOUBLE (Line Drive, 8RXD, EV 102.5 MPH)
Justin Jackson scores
Carlos de Jesus to third
Runner from 3rd tries for Home, SAFE, throw by CF to home
Pinch Hitting: SHB Brad Madden 0-0: Ball
1-0: Called Strike
1-1: Swinging Strike
1-2: 2-RUN HOME RUN (Flyball, 89XD, EV 100.6 MPH), Distance : 401 ft
Batting: RHB Manny Thompson 0-0: Called Strike
0-1: Ball
1-1: Foul Ball, location: 2F
1-2: SINGLE (Line Drive, 8RS, EV 95.0 MPH)
Batting: RHB Zakhar Edelman 0-0: Called Strike
0-1: Called Strike
0-2: Ball
1-2: Ball
2-2: Foul Ball, location: 2F
2-2: Ball
3-2: Base on Balls
Manny Thompson to second
Batting: LHB Luke Coulter 0-0: Called Strike
0-1: Ball
Wild Pitch!
Manny Thompson to third
Zakhar Edelman to second
1-1: Hit by Pitch
Batting: SHB Justin Jackson 0-0: Ball
Wild Pitch!
Manny Thompson scores
Zakhar Edelman to third
Luke Coulter to second
1-0: Called Strike
1-1: Ball
2-1: Ball
3-1: Swinging Strike
3-2: Foul Ball, location: 2F
3-2: Foul Ball, location: 2F
3-2: Foul Ball, location: 2F
3-2: Foul Ball, location: 2F
3-2: Foul Ball, location: 2F
3-2: Base on Balls
Batting: RHB Ryan Ward 0-0: SINGLE (Groundball, 6M, EV 105.0 MPH) (infield hit)
Zakhar Edelman scores
Luke Coulter to third
Justin Jackson to second
Batting: RHB John Corfield 0-0: Ground out 3-1 (Groundball, 34, EV 85.6 MPH)
Top of the 7th over - 6 runs, 4 hits, 0 errors, 3 left on base; Colorado 21 - Tijuana 6
BOTTOM OF THE 7TH
Tijuana Toros batting - Pitching for Colorado Avalanche : RHP Josh Blaschke
Now at 2B: Justin Jackson
Now at 3B: Ryan Ward
Now at SS: Carlos de Jesus
Now in LF: Chris Osting
Now in RF: Nick Martin
Batting: RHB Brad Brady 0-0: Ball
1-0: Foul Ball, location: 2F
1-1: Swinging Strike
1-2: Strikes out swinging
Batting: RHB Carlos Gonzalez 0-0: Called Strike
0-1: Foul Ball, location: 2F
0-2: Foul Ball, location: 2F
0-2: Ball
1-2: Ball
2-2: Strikes out looking
Batting: SHB Jesus Gomez 0-0: Ball
1-0: SINGLE (Groundball, 34D, EV 107.5 MPH)
Batting: SHB Javy Franco 0-0: Called Strike
0-1: Ground out 6-3 (Groundball, 6S, EV 75.0 MPH)
Bottom of the 7th over - 0 runs, 1 hit, 0 errors, 1 left on base; Colorado 21 - Tijuana 6
TOP OF THE 8TH
Colorado Avalanche batting - Pitching for Tijuana Toros : RHP Tommy Hunter
Batting: RHB Carlos de Jesus 0-0: SINGLE (Line Drive, 89S, EV 109.4 MPH)
Batting: RHB Chris Osting 0-0: Called Strike
0-1: Foul Ball, location: 2F
0-2: Ball
1-2: Fly out, F8 (Line Drive, 8LD, EV 95.0 MPH)
Batting: LHB Nick Martin 0-0: SINGLE (Line Drive, 89S, EV 87.5 MPH)
Carlos de Jesus to second
Batting: RHB Manny Thompson 0-0: SINGLE (Line Drive, 4D, EV 95.6 MPH)
Carlos de Jesus to third
Nick Martin to second
Batting: RHB Zakhar Edelman 0-0: SINGLE (Line Drive, 7LM, EV 105.0 MPH)
Carlos de Jesus scores
Nick Martin to third
Manny Thompson to second
Runner from 3rd tries for Home, SAFE, throw by LF to home
Batting: LHB Luke Coulter 0-0: Fly out, F5 (Popup, 5SF, EV 71.2 MPH)
Batting: SHB Justin Jackson 0-0: Ball
1-0: Swinging Strike
1-1: Swinging Strike
1-2: Ball
Passed Ball!
Manny Thompson to third
Zakhar Edelman to second
2-2: Strikes out swinging
Top of the 8th over - 2 runs, 4 hits, 0 errors, 2 left on base; Colorado 23 - Tijuana 6
BOTTOM OF THE 8TH
Tijuana Toros batting - Pitching for Colorado Avalanche : RHP Josh Blaschke
Batting: LHB Jim Jardine 0-0: Swinging Strike
0-1: Ball
1-1: Ground out 5-3 (Groundball, 56, EV 101.9 MPH)
Batting: RHB Adam Maczko 0-0: Ball
1-0: Ball
2-0: Foul Ball, location: 2F
2-1: Fly out, F9 (Flyball, 9LM, EV 84.4 MPH)
Batting: RHB Jason Baldwin 0-0: Called Strike
0-1: Fly out, F1 (Popup, P, EV 85.0 MPH)
Bottom of the 8th over - 0 runs, 0 hits, 0 errors, 0 left on base; Colorado 23 - Tijuana 6
TOP OF THE 9TH
Colorado Avalanche batting - Pitching for Tijuana Toros : RHP Tommy Hunter
Batting: RHB Ryan Ward 0-0: Called Strike
0-1: Ground out 6-3 (Groundball, 56, EV 89.4 MPH)
Batting: RHB John Corfield 0-0: Foul Ball, location: 2F
0-1: Hit by Pitch
Batting: RHB Carlos de Jesus 0-0: Ball
1-0: Swinging Strike
1-1: Ball
2-1: Foul Ball, location: 2F
2-2: Foul Ball, location: 2F
2-2: Foul Ball, location: 2F
2-2: Strikes out swinging
Batting: RHB Chris Osting 0-0: Ball
1-0: Ball
2-0: Ball
3-0: Base on Balls
John Corfield to second
Batting: LHB Nick Martin 0-0: SINGLE (Line Drive, 8LS, EV 105.6 MPH)
John Corfield to third
Chris Osting to second
Batting: RHB Manny Thompson 0-0: SINGLE (Groundball, 34D, EV 107.5 MPH)
John Corfield scores
Chris Osting to third
Nick Martin to second
Runner from 3rd tries for Home, SAFE, throw by RF to home
Batting: RHB Zakhar Edelman 0-0: Ground out U3 (Groundball, 34, EV 79.4 MPH)
Top of the 9th over - 2 runs, 2 hits, 0 errors, 2 left on base; Colorado 25 - Tijuana 6
BOTTOM OF THE 9TH
Tijuana Toros batting - Pitching for Colorado Avalanche : RHP Josh Blaschke
Pitching: RHP Jim Micaletti
Batting: LHB Fernão Manta 0-0: Ball
1-0: Foul Ball, location: 2F
1-1: Foul Ball, location: 2F
1-2: Foul Ball, location: 2F
1-2: Foul Ball, location: 2F
1-2: Foul Ball, location: 2F
1-2: Ball
2-2: Foul Ball, location: 2F
2-2: Ball
3-2: Base on Balls
Batting: RHB Makoto Narita 0-0: Ball
1-0: Foul Ball, location: 2F
1-1: DOUBLE (Line Drive, 7LS, EV 106.2 MPH)
Fernão Manta to third
Batting: RHB Brad Brady 0-0: Ball
1-0: Ball
2-0: Ball
3-0: Base on Balls
Batting: RHB Carlos Gonzalez 0-0: Ball
1-0: Grounds into double play, 5-4-3 (Groundball, 5, EV 85.6 MPH)
Fernão Manta scores
Makoto Narita to third
Batting: SHB Jesus Gomez 0-0: Called Strike
0-1: Foul Ball, location: 2F
0-2: Ball
1-2: Strikes out swinging
Bottom of the 9th over - 1 run, 1 hit, 0 errors, 1 left on base; Colorado 25 - Tijuana 7
Wednesday, June 22nd , 2022 - OOTP Baseball 23.4 Build 64